 Dungeon Crawl Stone Soup version 0.22-b1-21-g5cfc168 (webtiles) character file.

5488 barth the Warrior (level 10, -6/107 HPs)
             Began as a Minotaur Berserker on Aug 5, 2018.
             Was an Elder of Trog.
             Mangled by a centaur warrior (illusionary)
             ... wielding an uncursed staff of earth
              (7 damage)
             ... on level 9 of the Dungeon.
             The game lasted 00:36:19 (5964 turns).

barth the Warrior (Minotaur Berserker)              Turns: 5964, Time: 00:36:20

Health: -6/107     AC: 10    Str: 24 (25) XL:     10   Next: 42%
Magic:  9/9        EV: 12    Int:  3 (4)  God:    Trog [****..]
Gold:   36         SH:  0    Dex:  9 (10) Spells: 9/9 levels left

rFire    . . .     SeeInvis .   l - +4 trident
rCold    . . .     Gourm    .   (no shield)
rNeg     . . .     Faith    .   b - +0 animal skin
rPois    +         Spirit   .   (helmet restricted)
rElec    .         Reflect  .   y - +0 cloak
rCorr    .         Harm     .   v - +0 pair of gloves
MR       ++...     Clarity  +   e - +2 pair of boots
Stlth    +.........             (no amulet)
HPRegen  1.27/turn              d - +3 ring of protection
MPRegen  0.11/turn              (no ring)

@: berserk cooldown, regenerating, drained
A: retaliatory headbutt, beak, horns 2, clarity, deterioration 1, poison
resistance
a: Berserk, Trog's Hand, Brothers in Arms, Renounce Religion


You were on level 9 of the Dungeon.
You worshipped Trog.
Trog was greatly pleased with you.
You were hungry.

You visited 1 branch of the dungeon, and saw 9 of its levels.

You collected 448 gold pieces.
You spent 412 gold pieces at shops.

Inventory:

Hand Weapons
 l - a +4 trident (weapon)
Armour
 b - a +0 animal skin (worn)
 e - a +2 pair of boots (worn)
 v - a +0 pair of gloves (worn)
 y - a +0 cloak (worn)
 B - a scarf of resistance
Jewellery
 d - a +3 ring of protection (left hand)
Wands
 g - a wand of flame (18)
 o - a wand of acid (17)
 C - a wand of iceblast (20)
Scrolls
 a - 7 scrolls of teleportation
 i - 2 scrolls of identify
 k - 10 scrolls of remove curse
Potions
 f - a potion of cancellation {unknown}
 h - a potion of lignification {unknown}
 j - 2 potions of curing
 m - a potion of might
 s - 2 potions of haste
 u - 2 potions of brilliance
 w - a potion of ambrosia {unknown}
 x - 2 potions of invisibility
 z - a potion of degeneration {unknown}
 D - a potion of magic {unknown}
 E - a potion of agility
 F - a potion of flight
 G - a potion of heal wounds
Comestibles
 c - 11 rations
 n - a chunk of flesh


   Skills:
 * Level 15.8(15.6) Fighting
 + Level 9.4(9.2) Polearms
 - Level 2.4(2.2) Armour
 - Level 2.1(2.0) Dodging


You had 9 spell levels left.
You didn't know any spells.
Your spell library was empty.

Dungeon Overview and Level Annotations

Branches:
Dungeon (9/15)             Temple (0/1) D:4
   Lair: D:8-11         Orc: D:9-12

Altars:
Ashenzari
Cheibriados
Dithmenos
Fedhas
Gozag
Okawaru
Ru
Sif Muna
Trog
Xom
Yredelemnul
Zin

Shops:
D:2 *   D:7 :   D:8 !***


Innate Abilities, Weirdness & Mutations

You reflexively headbutt those who attack you in melee.
You have a pair of horns on your head.
You have a beak for a mouth.
You possess an exceptional clarity of mind.
Your body sometimes deteriorates upon taking damage.
Your system is resistant to poisons. (rPois)


Message History

The rakshasa weaves an illusion.
The centaur warrior shimmers and seems to become two!
You puncture the centaur warrior!
The centaur warrior is heavily wounded.
The centaur warrior hits you with a staff of earth!
* * * LOW HITPOINT WARNING * * *
Your body deteriorates!
You feel dopey.
The centaur warrior hits you with a staff of earth.
* * * LOW HITPOINT WARNING * * *
You barely miss the centaur warrior. You peck the centaur warrior.
The centaur warrior is heavily wounded.
The centaur warrior hits you with a staff of earth.
* * * LOW HITPOINT WARNING * * *
The centaur warrior barely misses you.
The centaur warrior hits you with a staff of earth!
* * * LOW HITPOINT WARNING * * *
The centaur warrior hits you with a staff of earth.
* * * LOW HITPOINT WARNING * * *
The centaur warrior crushes you!
You die...

'....# .'.#.#
###+## #.#.#
# #...# #
#.###########
#
#............
#
#####'#####..
#.........#
#.###c###.#
#..c@)#.#
##..)##.#
#....)#.'
##...##.#
#(...)#c#
#######.# ..#


You could see 2 centaur warriors.

Vanquished Creatures
  Pikel (D:8)
  Maurice (D:8)
  Psyche (D:8)
  A troll (D:9)
  A hippogriff (D:7)
  Sigmund (D:4)
  Grum (D:8)
  2 sky beasts
  3 ice beasts
  4 slaves (D:8)
  2 phantoms
  4 black bears
  2 orc warriors
  An ogre (D:7)
  2 centaurs
  3 wolves (D:8)
  A bullfrog (D:9)
  2 scorpions
  A water moccasin skeleton (D:4)
  4 wights
  4 killer bees (D:6)
  3 howler monkeys (D:9)
  4 crimson imps
  A bullfrog zombie (D:6)
  5 hounds
  2 jellies
  Crazy Yiuf (D:6)
  7 orc wizards
  7 orc priests
  A bullfrog skeleton (D:6)
  Jessica (D:7)
  2 iguanas
  7 worker ants
  A killer bee zombie (D:7)
  2 hound skeletons
  17 adders
  2 shadow imps
  4 dart slugs
  2 worms
  3 leopard geckos
  30 orcs
  8 bats
  5 giant cockroaches
  8 goblins
  8 hobgoblins
  8 jackals
  7 kobolds
  5 quokkas
  2 ball pythons (D:1)
  8 frilled lizards
  A leopard gecko skeleton (D:7)
  8 rats
212 creatures vanquished.

Vanquished Creatures (others)
  A jackal (D:8)
1 creature vanquished.

Grand Total: 213 creatures vanquished

Notes
Turn   | Place    | Note
-------+----------+-------------------------------------------
     0 | D:1      | barth the Minotaur Berserker began the quest for the Orb.
     0 | D:1      | Reached XP level 1. HP: 19/19 MP: 0/0
    45 | D:1      | Reached skill level 4 in Fighting
    69 | D:1      | Reached XP level 2. HP: 16/28 MP: 1/1
   342 | D:1      | Reached skill level 5 in Fighting
   653 | D:2      | Reached XP level 3. HP: 36/36 MP: 2/2
   657 | D:2      | Found an opulent altar of Gozag.
   659 | D:2      | Found Gozag's Platinum Reserve.
   716 | D:2      | Reached ** piety under Trog
   831 | D:2      | Reached skill level 6 in Fighting
   831 | D:2      | Reached XP level 4. HP: 41/44 MP: 3/3
   971 | D:2      | Found a glowing silver altar of Zin.
  1111 | D:2      | Found a sacrificial altar of Ru.
  1540 | D:3      | Reached *** piety under Trog
  1543 | D:3      | Reached XP level 5. HP: 44/51 MP: 4/4
  1546 | D:3      | Reached skill level 7 in Fighting
  1757 | D:3      | Found an iron altar of Okawaru.
  2045 | D:4      | Noticed a centaur
  2052 | D:4      | Reached skill level 8 in Fighting
  2061 | D:4      | Killed a centaur
  2061 | D:4      | Reached XP level 6. HP: 38/62 MP: 5/5
  2206 | D:4      | Found a shimmering altar of Xom.
  2290 | D:4      | Reached skill level 9 in Fighting
  2293 | D:4      | Noticed Sigmund
  2303 | D:4      | Killed Sigmund
  2303 | D:4      | Reached XP level 7. HP: 71/71 MP: 6/6
  2333 | D:4      | Found a staircase to the Ecumenical Temple.
  2501 | D:5      | Entered Level 5 of the Dungeon
  2507 | D:5      | Reached skill level 10 in Fighting
  2776 | D:5      | Found a blossoming altar of Fedhas.
  2806 | D:5      | Reached skill level 11 in Fighting
  3163 | D:5      | Reached XP level 8. HP: 82/82 MP: 7/7
  3193 | D:5      | Reached **** piety under Trog
  3358 | D:6      | Found a shadowy altar of Dithmenos.
  3384 | D:6      | Reached skill level 12 in Fighting
  3434 | D:6      | Found a snail-covered altar of Cheibriados.
  3491 | D:6      | Found a runed door.
  3922 | D:6      | Reached skill level 13 in Fighting
  4220 | D:6      | Noticed Crazy Yiuf
  4223 | D:6      | Killed Crazy Yiuf
  4371 | D:7      | Reached XP level 9. HP: 73/93 MP: 8/8
  4380 | D:7      | Found Sieliuw's Book Emporium.
  4528 | D:7      | Reached skill level 14 in Fighting
  4528 | D:7      | Reached skill level 5 in Polearms
  4620 | D:7      | Noticed Jessica
  4630 | D:7      | Killed Jessica
  4635 | D:7      | Found a deep blue altar of Sif Muna.
  5019 | D:8      | Noticed Maurice
  5034 | D:8      | Found a shattered altar of Ashenzari.
  5038 | D:8      | Killed Maurice
  5121 | D:8      | Found a bloodstained altar of Trog.
  5146 | D:8      | Found a basalt altar of Yredelemnul.
  5155 | D:8      | Found Obbih's Distillery.
  5170 | D:8      | Bought a potion of agility for 48 gold pieces
  5170 | D:8      | Bought a potion of brilliance for 48 gold pieces
  5170 | D:8      | Bought a potion of flight for 36 gold pieces
  5170 | D:8      | Bought a potion of heal wounds for 60 gold pieces
  5208 | D:8      | Reached skill level 15 in Fighting
  5214 | D:8      | Noticed Pikel
  5226 | D:8      | Killed Pikel
  5237 | D:8      | Reached XP level 10. HP: 23/105 MP: 9/9
  5303 | D:8      | HP: 4/105 [wolf[Grum] (5)]
  5323 | D:8      | Noticed Grum
  5335 | D:8      | Killed Grum
  5396 | D:8      | Found Faweiban's General Store.
  5408 | D:8      | Bought 3 scrolls of remove curse for 108 gold pieces
  5446 | D:8      | Found Luekieli's General Store.
  5449 | D:8      | Bought a scroll of identify for 24 gold pieces
  5449 | D:8      | Bought a scroll of remove curse for 36 gold pieces
  5449 | D:8      | Bought a scroll of identify for 24 gold pieces
  5454 | D:8      | Gained mutation: You passively map a small area around you. [potion of mutation]
  5454 | D:8      | Gained mutation: Your mind is acute. (Int +2) [potion of mutation]
  5455 | D:8      | Lost mutation: You passively map a small area around you. [potion of mutation]
  5455 | D:8      | Lost mutation: Your mind is acute. (Int +2) [potion of mutation]
  5455 | D:8      | Gained mutation: Your body sometimes deteriorates upon taking damage. [potion of mutation]
  5455 | D:8      | Gained mutation: You possess an exceptional clarity of mind. [potion of mutation]
  5455 | D:8      | Gained mutation: You have a beak for a mouth. [potion of mutation]
  5455 | D:8      | Gained mutation: Your system is resistant to poisons. (rPois) [potion of mutation]
  5469 | D:8      | Found Uhoumets's General Store.
  5477 | D:8      | Bought a scroll of identify for 28 gold pieces
  5520 | D:8      | Noticed Psyche
  5525 | D:8      | Killed Psyche
  5937 | D:9      | Noticed a centaur warrior
  5956 | D:9      | Noticed a rakshasa
  5964 | D:9      | HP: 1/107 [centaur warrior (illusionary)/staff of earth (6)]
  5964 | D:9      | Mangled by a centaur warrior (illusionary)

Skill      XL: |  1  2  3  4  5  6  7  8  9 10 |
---------------+-------------------------------+-----
Fighting       | 4 5 6 8 9 11 13 15 | 15.8
Polearms       | 4 7 9 |  9.4
Armour         | |  2.4
Dodging        | |  2.1

Action                   |  1- 3 |  4- 6 |  7- 9 | 10-12 || total
-------------------------+-------+-------+-------+-------++-------
Melee: Spear             |    85 |   127 |       |       ||   212
       Headbutt          |    15 |    22 |    49 |    16 ||   102
       Trident           |       |    15 |   277 |   110 ||   402
       Peck              |       |       |       |    16 ||    16
Invok: Berserk           |     1 |     4 |     9 |     5 ||    19
       Trog's Hand       |       |     2 |     8 |     6 ||    16
  Use: Scroll            |       |       |     6 |    11 ||    17
       Potion            |       |       |       |     2 ||     2
 Stab: Sleeping          |       |     3 |     2 |       ||     5
       Paralysed         |       |     2 |       |       ||     2
  Eat: Chunk             |       |     9 |    17 |    10 ||    36
       Ration            |       |       |     1 |       ||     1
Armor: Animal skin       |    12 |    32 |    94 |    41 ||   179
Dodge: Dodged            |    38 |    76 |   144 |    64 ||   322
